Unix NetHack Version 5.0.0-0 post-release - last build May 17 2026 04:57:42 (dc50c8380fa5e20985bfe3072449f57b8d9895ef,branch:main).

Game began 2026-05-18 03:28:11, ended 2026-05-18 04:02:43.

ArrBianca, lawful female dwarven Archeologist

                       -------
    -------            |.....|
    |.\%%(%##          |.....-##                            ---------
    |...%.| ##         ---|--- #                           #-.......|
    --%----  ##         #####  #                           #|.....>.|
     ########%#         #   #  ####                        #|.......-###
     #        #         #   #     ##           #+          #---------  #
     #        #         (   #####  #           #           ####        ##
              #         #       #######)##)########  ##       #         #
              ###       #            ##         0h#############         #
                #       #             ##        @##  #--------###############
                #       #              ##   ------#   |...<^.|#         #---.-
                ##### --.------------   #   |....|#   |......|#         #.^..|
                    # |.............|       +....+#   .......|#          |...|
                    # |.......{.....|       |..).|)   |.......#          |...|
                    ##..............|       |.....#   --------           |...|
                      |.............|       --+---                       |...|
                      |.............|                                    -----
                      ---------------

ArrBianca the Investigator  St:16 Dx:9 Co:11 In:16 Wi:16 Ch:10  Lawful
Dlvl:6  $:563 HP:0(52) Pw:18(18) AC:5  Xp:6 T:4053 

Latest messages:
 You kill the giant bat!
 You have a little trouble lifting q - a swirly potion.
 You stop waiting.
 Pick a monster, object or location.
 h        a humanoid (dwarf king) [seen: infravision]
 You have a little trouble lifting T - an uncursed rock (in quiver pouch).
 The dwarf king throws a dagger!
 A dagger misses you.
 The dwarf king throws a crude dagger!
 You are almost hit by a crude dagger.
 r - a blessed sling (weapon in right hand).
 a - a +3 bullwhip (alternate weapon; not wielded).
 In what direction? h
 The rock hits the dwarf king.
 The dwarf king throws 3 darts!
 You are hit by the 1st dart.
 You are almost hit by the 2nd dart.
 The 3rd dart misses you.
 The dwarf king throws 2 darts!
 The 1st dart misses you.
 The 2nd dart misses you.
 What do you want to drink? [lpqBKLV or ?*] K
 You feel better.
 What do you want to eat? [dim or ?*] d
 This food really hits the spot!
 Your movements are now unencumbered.
 You finish eating the food ration.
 What do you want to use or apply? [ae-hjknwFMUYZ or ?*] e
 You now wield a +0 pick-axe.
 In what direction do you want to dig? [hyknjb>] k
 You start hitting the boulder.
 You hit the boulder with all your might.
 You stop digging.
 What do you want to wield? [- aerE or ?*] a
 a - a +3 bullwhip (weapon in right hand).
 e - a +0 pick-axe (alternate weapon; not wielded).
 You lash the dwarf king!
 You lash the dwarf king!
 You miss the dwarf king.
 The dwarf king swings his mace.
 The dwarf king hits!
 The dwarf king swings his mace.
 The dwarf king hits again!
 You lash the dwarf king!
 The dwarf king swings his mace.
 The dwarf king hits!
 The dwarf king swings his mace.
 The dwarf king hits again!
 You die...
 Do you want an account of creatures vanquished? [ynaq] (y) q

Inventory:
 Coins    ('$')
  $ - 563 gold pieces
 Weapons  (')')
  r - a blessed +0 sling
  E - a +0 boomerang
  a - a +3 bullwhip (weapon in right hand)
 Armor    ('[')
  c - an uncursed +0 fedora (being worn)
  O - an uncursed +0 pair of low boots (being worn)
  t - an uncursed +0 cloak of protection (being worn)
  b - an uncursed +0 leather jacket (being worn)
 Comestibles  ('%')
  d - an uncursed food ration
  i - an uncursed homemade tin of blue jelly
  m - 2 uncursed lichen corpses
 Scrolls  ('?')
  S - 2 blessed scrolls of identify
  W - an uncursed scroll of remove curse
 Spellbooks  ('+')
  Y - an uncursed spellbook of cone of cold
  j - an uncursed spellbook of detect monsters
 Potions  ('!')
  p - an uncursed potion of extra healing
  L - an uncursed potion of gain energy
  B - an uncursed potion of hallucination
  K - 3 uncursed potions of healing
  V - an uncursed potion of restore ability
  l - an uncursed potion of see invisible
  q - a blessed potion of speed
 Rings    ('=')
  J - an uncursed ring of levitation
  N - an uncursed ring of stealth
 Wands    ('/')
  n - a wand of fire (0:6)
  w - a wand of light (0:13)
  Z - a wand of locking (0:4)
  U - a wand of undead turning (0:6)
 Tools    ('(')
  h - an empty uncursed sack
  M - an uncursed blindfold
  F - an uncursed lock pick
  e - a +0 pick-axe (alternate weapon; not wielded)
  k - an uncursed tin opener
  f - a tinning kit (0:73)
 Gems/Stones  ('*')
  g - an uncursed touchstone

ArrBianca the Archeologist's attributes:

Background:
 You were an Investigator, a level 6 female dwarven Archeologist.
 You were lawful, on a mission for Quetzalcoatl
 who was opposed by Camaxtli (neutral) and Huhetotl (chaotic).
 You were right-handed.
 You were in the Dungeons of Doom, on level 6.
 You entered the dungeon 4053 turns ago.
 It was nighttime.
 There was a new moon in effect when your adventure ended.
 You had 387 experience points, 253 more were needed to attain level 7.

Basics:
 You had 0 out of 52 hit points.
 You had all 18 energy points (spell power).
 Your armor class was 5.
 Your wallet contained 563 zorkmids.
 Autopickup was on for '$?!/="+%' plus thrown, with exceptions.

Final Characteristics:
 Your strength was 16 (limit:18/100).
 Your dexterity was 9 (limit:20).
 Your constitution was 11 (limit:20).
 Your intelligence was 16 (limit:16).
 Your wisdom was 16 (limit:16).
 Your charisma was 10 (limit:16).

Final Status:
 You weren't hungry.
 You were unencumbered.
 You were wielding a whip.
 You were skilled in whip.

Final Attributes:
 You were piously aligned.
 You had automatic searching.
 You had infravision.
 You were stealthy.
 You were protected.
 You were lucky.
 You are dead.

Miscellaneous:
 You didn't encounter any bones levels.
 Total elapsed playing time was 34 minutes and 32 seconds.

Major events:
 Turn
    1: ArrBianca the lawful female dwarven Archeologist entered the dungeon
  528: attained the rank of Field Worker (level 3)
 1239: found Sting in a shop
 3723: attained the rank of Investigator (level 6)
 4053: killed by a dwarf king

Spells:
 Name                 Level Category     Fail Retention
 cone of cold           4   attack       100%  76%-100%

Skills:
 Fighting Skills
   bare handed combat [Unskilled]
   two weapon combat  [Unskilled]
   riding             [Unskilled]
 Weapon Skills
   dagger             [Unskilled]
   knife              [Unskilled]
   pick-axe           [Basic]
   short sword        [Unskilled]
   saber              [Unskilled]
   club               [Unskilled]
   quarterstaff       [Unskilled]
   sling              [Basic]
   dart               [Unskilled]
   boomerang          [Unskilled]
   whip               [Skilled]
   unicorn horn       [Unskilled]
 Spellcasting Skills
   attack spells      [Unskilled]
   healing spells     [Unskilled]
   divination spells  [Unskilled]
   matter spells      [Unskilled]

Voluntary challenges:
 Character rerolling was not enabled.
 You never genocided any monsters.
 You never polymorphed an object.
 You never changed form.
 You used no wishes.
Achievements:
 You entered a shop.
 You attained the rank of Field Worker.
 You attained the rank of Investigator.

 The Dungeons of Doom: levels 1 to 6
    Level 1:
       A fountain.
    Level 2:
       A general store, many altars, a fountain.
    Level 3:
    Level 4:
       A general store.
    Level 5:
    Level 6: <- You were here.
       A throne, a fountain.
       Final resting place for
          you, killed by a dwarf king.


Vanquished creatures:
  a leprechaun
 an orc mummy
  a blue jelly
 an orc shaman
  a fog cloud
 an elf zombie
  a little dog
  a kitten
  2 kobold leaders
  3 rothes
  a giant bat
  3 iguanas
 an acid blob
  2 hobbits
  a hobgoblin
  5 giant rats
  5 cave spiders
  3 red molds
  3 gnomes
  2 garter snakes
  4 geckos
  3 jackals
  a fox
  2 kobolds
  8 goblins
  a sewer rat
  a grid bug
  6 lichens
  a kobold zombie
  8 newts
74 creatures vanquished.

No species were genocided or became extinct.

Game over:
                       ----------
                      /          \
                     /    REST    \
                    /      IN      \
                   /     PEACE      \
                  /                  \
                  |    ArrBianca     |
                  |      563 Au      |
                  |   killed by a    |
                  |    dwarf king    |
                  |                  |
                  |                  |
                  |       2026       |
                 *|     *  *  *      | *
        _________)/\\_//(\/(/\)/\//\/|_)_______

Goodbye ArrBianca the Archeologist...

You died in The Dungeons of Doom on dungeon level 6 with 2325 points,
and 563 pieces of gold, after 4053 moves.
You were level 6 with a maximum of 52 hit points when you died.

